 Dungeon Crawl Stone Soup version 0.31.0-9-g3a7656b989 (webtiles) character file.

Game seed: 3813149988920765292

116 qw the Skirmisher (level 4, 0/25 HPs)
             Began as a Deep Elf Hunter on Feb 2, 2024.
             Incinerated by a bombardier beetle (4 damage)
             ... with a burning spray
             ... on level 3 of the Dungeon.
             The game lasted 00:00:05 (1830 turns).

qw the Skirmisher (Deep Elf Hunter)                 Turns: 1830, Time: 00:00:06

Health: 0/25       AC:  8    Str: 10    XL:     4   Next: 70%
Magic:  6/6        EV: 11    Int: 14    God:
Gold:   98         SH:  0    Dex: 18    Spells: 3/3 levels left

rFire   . . .        a - +0 shortbow
rCold   . . .        (shield currently unavailable)
rNeg    . . .        g - +0 ring mail
rPois   .            (no helmet)
rElec   .            d - +0 cloak
rCorr   .            f - +0 pair of gloves
SInv    .            c - +0 pair of boots
Will    .....        (no amulet)
Stlth   +            (no ring)
HPRegen 0.24/turn    (no ring)
MPRegen 0.10/turn

%: no passive effects
@: on fire, glowing
A: no striking features
a: no special abilities


You were on level 3 of the Dungeon.
You visited 1 branch of the dungeon, and saw 3 of its levels.

You collected 98 gold pieces.


   Skills:
 - Level 1.5 Fighting
 - Level 8.1 Ranged Weapons
 + Level 0.0 Armour
 - Level 2.4 Dodging
 - Level 1.2 Stealth


You had 3 spell levels left.
You didn't know any spells.
Your spell library was empty.

Inventory:

Hand Weapons
 a - a +0 shortbow (weapon)
Armour
 c - a +0 pair of boots (worn)
 d - a +0 cloak (worn)
 f - a +0 pair of gloves (worn)
 g - a +0 ring mail (worn)
Wands
 e - a wand of light (6)
Potions
 b - a potion of attraction {unknown}
 h - a potion of enlightenment {unknown}
 i - 2 potions of haste
 j - a potion of heal wounds
 k - a potion of curing {unknown}

Dungeon Overview and Level Annotations

Branches:
Dungeon (3/15)

Altars:


Message History

The bombardier beetle is moderately wounded.
The bombardier beetle sprays incendiary fluid at you.
The burning spray hits you.
You are covered in liquid fire!
You shoot an arrow. The arrow hits the bombardier beetle!
The bombardier beetle is severely wounded.
The liquid fire burns you!
You shoot an arrow.
The arrow completely misses the bombardier beetle.
The liquid fire burns you!
You shoot an arrow. The arrow hits the bombardier beetle.
The bombardier beetle is almost dead.
The liquid fire burns you!
The bombardier beetle sprays incendiary fluid at you.
The burning spray hits you.
You are even more covered in liquid fire!
You shoot an arrow.
The arrow hits the bombardier beetle but does no damage.
The bombardier beetle is almost dead.
The liquid fire burns you! The bombardier beetle misses you.
1825 ||| DRINKING 2 potions of heal wounds.
You feel much better. The liquid fire burns you!
You shoot an arrow.
The arrow hits the bombardier beetle but does no damage.
The bombardier beetle is almost dead.
The liquid fire burns you!
The bombardier beetle closely misses you.
You shoot an arrow. The arrow hits the bombardier beetle!
You kill the bombardier beetle!
The liquid fire burns you!
Your Ranged Weapons skill increases to level 8!
You are on fire!
The liquid fire burns you!
You are on fire!
The liquid fire burns you!
You are on fire!
The liquid fire burns you!
You die...

#.# #.# #.# #.# #.#
#.# ###########.#
#.# #.......%...#
#.# #.###.#####.#
#)# #...#.#. #.# #.#
##.#####.#.###.# #.#
..)......#.@...# #.#
########.#########.#
#.##........#
#....######## #.####
#.# ..# ####


There were no monsters in sight!

Vanquished Creatures
  A bombardier beetle (D:3)
  4 adders
  2 ribbon worms (D:2)
  4 endoplasms
  7 goblins
  4 hobgoblins
  5 quokkas (D:1)
  3 ball pythons
  3 bats
  5 frilled lizards
  A kobold (D:1)
  5 rats
44 creatures vanquished.

Notes
Turn   | Place    | Note
-------+----------+-------------------------------------------
     0 | D:1      | qw the Deep Elf Hunter began the quest for the Orb.
     0 | D:1      | Reached XP level 1. HP: 12/12 MP: 3/3
     0 | D:1      | 0 ||| qw: Version: 0.3-a-155-g5e7d8dd
     0 | D:1      | 0 ||| qw: Game counter: 2363
     0 | D:1      | 0 ||| qw: Melee chars always use a shield: true
     0 | D:1      | 0 ||| qw: God list: Okawaru
     0 | D:1      | 0 ||| qw: Allow faded altars: false
     0 | D:1      | 0 ||| qw: Do Orc after clearing Dungeon:15 true
     0 | D:1      | 0 ||| qw: Do second Lair branch before Depths: true
     0 | D:1      | 0 ||| qw: Lair rune preference: random
     0 | D:1      | 0 ||| qw: Goals: Normal
     0 | D:1      | 0 ||| PLANNING D:1-11
    80 | D:1      | 80 ||| RETREEEEATING.
    81 | D:1      | 81 ||| RETREEEEATING.
   145 | D:1      | Reached skill level 6 in Ranged Weapons
   145 | D:1      | Reached XP level 2. HP: 16/16 MP: 4/4
   756 | D:1      | 756 ||| UPGRADING to +0 pair of gloves.
   761 | D:1      | 761 ||| UPGRADING to +0 ring mail.
   771 | D:1      | 771 ||| DROPPING +0 leather armour.
   772 | D:1      | 772 ||| READING 3 scrolls labelled ZAICSE ISIWET.
   772 | D:1      | 772 ||| IDENTIFYING smoky blue potion
   773 | D:1      | 773 ||| READING 2 scrolls of identify.
   773 | D:1      | 773 ||| IDENTIFYING grey potion
   774 | D:1      | 774 ||| READING scroll of identify.
   774 | D:1      | 774 ||| IDENTIFYING 2 ruby potions
   775 | D:1      | 775 ||| READING scroll labelled GYHULUA RIELIKH.
   776 | D:1      | 776 ||| DROPPING scroll of butterflies.
   777 | D:1      | 777 ||| DROPPING potion of brilliance.
   824 | D:2      | Reached XP level 3. HP: 20/20 MP: 5/5
  1281 | D:2      | Found a faded altar of an unknown god.
  1344 | D:2      | Reached skill level 7 in Ranged Weapons
  1528 | D:2      | 1528 ||| UPGRADING to +0 pair of boots.
  1533 | D:2      | 1533 ||| UPGRADING to +0 cloak.
  1553 | D:3      | 1553 ||| PLANNING SEWER
  1653 | D:3      | Reached XP level 4. HP: 25/25 MP: 6/6
  1824 | D:3      | HP: 5/25 [burnt (4)]
  1825 | D:3      | 1825 ||| DRINKING 2 potions of heal wounds.
  1828 | D:3      | Reached skill level 8 in Ranged Weapons
  1829 | D:3      | HP: 3/25 [burnt (4)]
  1830 | D:3      | Incinerated by a bombardier beetle

Levels and vault maps discovered:
D:1:      ncdulo_wetmaze, layout_basic, minmay_lizard_king
D:2:      layout_loops_ring, shapermc_ecumenical_altar_flowoftime
D:3:      mumra_celtic_spiral_tile, layout_basic, portal_sewer_entry_f,
          serial_shops, shop

Skill      XL: |  1  2  3  4 |
---------------+-------------+-----
Ranged Weapons | 6 7 8 |  8.1
Fighting       | |  1.5
Dodging        | |  2.4
Stealth        | |  1.2

Action                     |  1- 3 |  4- 6 || total
---------------------------+-------+-------++-------
   Fire: Shortbow          |    89 |    13 ||   102
    Use: Scroll            |     4 |       ||     4
         Potion            |       |     1 ||     1
 Armour: Leather armour    |     6 |       ||     6
         Ring mail         |     9 |       ||     9
  Dodge: Dodged            |     9 |     2 ||    11

Table legend:
 A = Non-vault XP
 B = Vault XP
 C = Vault XP percentage of total XP
 D = Non-vault monster count
 E = Vault monster count
 F = Vault count percentage of total count
                 A         B        C        D         E       F
            +---------+---------+-------+---------+---------+-------
      Total |     163 |       4 |   2.4 |      40 |       4 |   9.1
            +---------+---------+-------+---------+---------+-------
        D:1 |      36 |       4 |  10.0 |      22 |       4 |  15.4
        D:2 |      27 |       0 |   0.0 |       7 |       0 |   0.0
        D:3 |     100 |       0 |   0.0 |      11 |       0 |   0.0
            +---------+---------+-------+---------+---------+-------
